 Dungeon Crawl Stone Soup version 0.19.1-1-g22dce08 (webtiles) character file.

770 Lennu the Slasher (level 7, -17/60 HPs)
             Began as a Grey Draconian Monk on Jan 9, 2017.
             Demolished by an ogre
             ... wielding a +0 giant spiked club
              (23 damage)
             ... on level 5 of the Dungeon.
             The game lasted 00:12:15 (5682 turns).

Lennu the Slasher (Grey Draconian Monk)             Turns: 5682, Time: 00:12:16

Health: -17/60     AC: 11    Str: 13    XL:     7   Next: 52%
Magic:  7/7        EV: 13    Int: 13    God:
Gold:   135        SH:  3    Dex: 15    Spells: 0 memorised, 6 levels left

rFire  + . .     SeeInvis .     a - +1 falchion
rCold  . . .     Gourm    .     (armour unavailable)
rNeg   . . .     Faith    .     x - +0 buckler
rPois  .         Spirit   .     (helmet restricted)
rElec  .         Reflect  .     (no cloak)
rCorr  .         Harm     .     (no gloves)
MR     .....     Clarity  +     (no boots)
Stlth  +++....... Rnd*Tele +    (no amulet)
                                (no ring)
                                d - ring of protection from fire

@: no status effects
A: walk through water, unfitting armour, clarity, clever 1, teleportitis 1,
unbreathing, cold-blooded, AC +11
a: no special abilities


You were on level 5 of the Dungeon.
You were not hungry.

You visited 1 branch of the dungeon, and saw 5 of its levels.

You collected 135 gold pieces.

Inventory:

Hand Weapons
 a - a +1 falchion (weapon)
 r - a +0 blowgun
Missiles
 p - 3 javelins (quivered)
 s - 8 poisoned needles
 u - 2 tomahawks
Armour
 x - a +0 buckler (worn)
Jewellery
 d - a ring of protection from fire (left hand)
Scrolls
 c - 2 scrolls of random uselessness
 g - 2 scrolls of identify
 m - a scroll of fear
 n - 3 scrolls of remove curse
 q - a scroll of amnesia
 w - 2 scrolls of enchant weapon
Potions
 e - a potion of resistance
 f - a potion of magic {unknown}
 h - 3 potions of curing
 i - a potion of ambrosia {unknown}
 j - a potion of berserk rage {unknown}
 k - a potion of lignification {unknown}
 v - 2 potions of brilliance {unknown}
Comestibles
 b - 6 bread rations
 t - 2 meat rations


   Skills:
 * Level 4.7 Fighting
 * Level 6.4 Long Blades
 * Level 1.4 Throwing
 * Level 4.2 Dodging
 + Level 3.6 Stealth


You had 6 spell levels left.
You didn't know any spells.

Dungeon Overview and Level Annotations

Branches:
Dungeon (5/15)
 Temple: D:4-7

Altars:
Cheibriados
Dithmenos
Fedhas
Okawaru
Ru
Zin


Innate Abilities, Weirdness & Mutations

You can walk through water.
Your dull iron-grey scales are very hard. (AC +11)
You cannot fit into any form of body armour.
You can survive without breathing.
You are cold-blooded and may be slowed by cold attacks.
You possess an exceptional clarity of mind.
Your mind is acute. (Int +2)
You are occasionally teleported next to monsters.


Message History

The ogre is lightly wounded.
The ogre hits you with a giant spiked club!
You completely miss the ogre.
The ogre is lightly wounded.
The ogre hits you with a giant spiked club!!
Ouch! That really hurt!
* * * LOW HITPOINT WARNING * * *
You hit the ogre.
You tail-slap the ogre, but do no damage.
The ogre is lightly wounded.
You hit the ogre.
The ogre is moderately wounded.
The ogre closely misses you.
Your shield prevents you from hitting the ogre.
The ogre is moderately wounded.
The ogre barely misses you.
You hit the ogre.
The ogre is heavily wounded.
The ogre hits you with a giant spiked club!!
You die...

#.##.#.## ...
#....### .#
####.####...###.#
#..# #.#...#.####
#.!.#..........#
#............#
###..........#
#...O......#
#....@.....#
#..........#
############


You could see an ogre.

Vanquished Creatures
  Sigmund (D:2)
  A phantom (D:4)
  An ogre (D:4)
  A howler monkey (D:4)
  A hound (D:4)
  An orc wizard (D:3)
  Jessica (D:2)
  Ijyb (D:2)
  Natasha (thrice) (D:2)
  A worker ant (D:4)
  A hound skeleton (D:4)
  3 gnolls
  A howler monkey skeleton (D:4)
  5 adders
  2 oozes
  5 worms
  A dart slug (D:1)
  2 leopard geckos
  2 orcs (D:3)
  6 giant cockroaches
  7 goblins
  10 hobgoblins
  7 jackals
  2 quokkas (D:3)
  13 bats
  6 frilled lizards
  12 kobolds
  A quokka skeleton (D:4)
  5 rats
103 creatures vanquished.

Notes
Turn   | Place    | Note
-------+----------+-------------------------------------------
     0 | D:1      | Lennu the Draconian Monk began the quest for the Orb.
     0 | D:1      | Reached XP level 1. HP: 19/19 MP: 1/1
   215 | D:1      | Reached XP level 2. HP: 23/26 MP: 2/2
   769 | D:2      | Found an iron altar of Okawaru.
   823 | D:2      | Reached XP level 3. HP: 27/31 MP: 3/3
   931 | D:2      | Noticed Sigmund
   933 | D:2      | Gained mutation: Your system is resistant to poisons. (rPois) [potion of mutation]
   933 | D:2      | Gained mutation: You have a pair of small antennae on your head. [potion of mutation]
   937 | D:2      | Lost mutation: Your system is resistant to poisons. (rPois) [potion of cure mutation]
   937 | D:2      | Lost mutation: You have a pair of small antennae on your head. [potion of cure mutation]
   939 | D:2      | Gained mutation: You are occasionally teleported next to monsters. [potion of mutation]
   939 | D:2      | Gained mutation: You possess an exceptional clarity of mind. [potion of mutation]
   939 | D:2      | Gained mutation: Your mind is acute. (Int +2) [potion of mutation]
   953 | D:2      | Killed Sigmund
   953 | D:2      | Reached skill level 4 in Long Blades
   953 | D:2      | Reached XP level 4. HP: 22/40 MP: 4/4
   953 | D:2      | Reached XP level 5. HP: 25/46 MP: 5/5
  1476 | D:2      | Found a faded altar of an unknown god.
  1569 | D:2      | Found a shadowy altar of Dithmenos.
  1570 | D:2      | Noticed Jessica
  1584 | D:2      | Killed Jessica
  1584 | D:2      | Reached skill level 5 in Long Blades
  1945 | D:2      | Noticed Natasha
  1952 | D:2      | Killed Natasha
  1976 | D:2      | Reached XP level 6. HP: 29/52 MP: 6/6
  2291 | D:2      | Noticed Natasha
  2305 | D:2      | Killed Natasha
  2610 | D:2      | Noticed Ijyb
  2628 | D:2      | Killed Ijyb
  2871 | D:2      | Noticed Natasha
  2889 | D:2      | Killed Natasha
  4071 | D:3      | Found a blossoming altar of Fedhas.
  4249 | D:3      | Found a sacrificial altar of Ru.
  4534 | D:4      | Found a snail-covered altar of Cheibriados.
  4658 | D:4      | Your scales start taking on a dull iron-grey colour.
  4658 | D:4      | Reached XP level 7. HP: 43/60 MP: 7/7
  4658 | D:4      | Gained mutation: You can survive without breathing. [Grey Draconian growth]
  4855 | D:4      | Reached skill level 6 in Long Blades
  4855 | D:4      | Reached skill level 1 in Throwing
  5422 | D:4      | Found a glowing silver altar of Zin.
  5460 | D:5      | Entered Level 5 of the Dungeon
  5682 | D:5      | Demolished by an ogre

Skill      XL: |  1  2  3  4  5  6  7 |
---------------+----------------------+-----
Stealth        | 2 3 |  3.6
Fighting       | 4 |  4.7
Long Blades    | 4 5 6 |  6.4
Dodging        | 3 4 |  4.2
Throwing       | 1 |  1.4

Action                   |  1- 3 |  4- 6 |  7- 9 || total
-------------------------+-------+-------+-------++-------
Melee: Falchion          |    62 |   276 |    66 ||   404
       Tailslap          |     9 |    44 |    14 ||    67
 Fire: Blowgun           |       |     3 |       ||     3
Throw: Javelin           |       |     4 |       ||     4
  Use: Potion            |     7 |       |       ||     7
       Scroll            |       |       |     8 ||     8
 Stab: Sleeping          |     5 |     7 |       ||    12
       Distracted        |       |     1 |       ||     1
  Eat: Chunk             |       |     8 |     1 ||     9
       Meat ration       |       |     1 |       ||     1
       Beef jerky        |       |       |     1 ||     1
Armor: Skin              |    13 |    75 |    20 ||   108
Dodge: Dodged            |    34 |   229 |    29 ||   292
Block: Buckler           |       |       |     3 ||     3
       Rpst.: Falchion   |    15 |    70 |     8 ||    93
